 Dungeon Crawl Stone Soup version 0.30.0 (webtiles) character file.

Game seed: 9220695852630574092

61142 SnakkuSnakku7 the Stormcaller (level 14, -9/115 HPs)
             Began as a Black Draconian Cinder Acolyte on May 6, 2023.
             Was a High Priest of Ignis.
             Mangled by an orc knight
             ... wielding a +2 glaive
              (28 damage)
             ... on level 1 of the Orcish Mines.
             The game lasted 00:49:54 (22999 turns).

SnakkuSnakku7 the Stormcaller (DrCA)               Turns: 22999, Time: 00:49:55

Health: -9/115     AC: 13    Str: 16    XL:     14   Next: 59%
Magic:  15/26      EV: 16    Int: 27    God:    Ignis [*****.]
Gold:   1578       SH:  9    Dex:  6    Spells: 10/29 levels left

rFire   + + .        b - staff of fire
rCold   . . .        p - +2 kite shield
rNeg    . . .        (body armour unavailable)
rPois   .            (helmet restricted)
rElec   +            J - +0 cloak
rCorr   .            o - +2 pair of gloves
SInv    .            S - +0 pair of boots
Will    +....        (no amulet)
Stlth   +            F - +6 ring of intelligence
HPRegen 0.39/turn    I - +5 ring of evasion
MPRegen 0.20/turn

%: no passive effects
@: flying
A: breathe lightning, AC +8, unfitting armour, big wings, electricity
resistance, cold-blooded
a: Breathe Lightning, Renounce Religion, Fiery Armour, Foxfire Swarm, Rising
Flame


You were on level 1 of the Orcish Mines.
You worshipped Ignis.
Ignis was extremely pleased with you.
You visited 3 branches of the dungeon, and saw 21 of its levels.
You also visited: Bailey and Ice Cave.

You collected 1878 gold pieces.
You spent 300 gold pieces at shops.

Inventory:

Missiles
 U - a throwing net
Armour
 o - a +2 pair of gloves (worn)
 p - a +2 kite shield (worn)
 J - a +0 cloak (worn)
 S - a +0 pair of boots (worn)
Magical Staves
 a - a staff of air
 b - a staff of fire (weapon)
Jewellery
 m - a +6 ring of dexterity
 s - a ring of ice
 u - a ring of resist corrosion
 C - a ring of protection from cold
 F - a +6 ring of intelligence (left hand)
 I - a +5 ring of evasion (right hand)
 L - a ring of protection from fire
Wands
 n - a wand of roots (11)
 t - a wand of digging (8)
 D - a wand of mindburst (4)
 E - a wand of paralysis (10)
 M - a wand of flame (22)
 O - a wand of polymorph (3)
Scrolls
 e - 2 scrolls of summoning
 f - 5 scrolls of vulnerability
 g - 7 scrolls of teleportation
 i - a scroll of blinking
 k - 3 scrolls of poison
 w - 4 scrolls of fog
 y - 2 scrolls of amnesia
 K - 2 scrolls of identify
 Q - 2 scrolls of magic mapping
Potions
 c - 3 potions of curing
 d - 3 potions of heal wounds
 h - 3 potions of cancellation
 j - 7 potions of lignification
 l - 3 potions of berserk rage
 q - 2 potions of flight
 r - a potion of brilliance
 v - 5 potions of attraction
 x - 5 potions of mutation
 z - 2 potions of magic
 A - 4 potions of haste
 B - a potion of invisibility
 G - 2 potions of might
 H - 2 potions of ambrosia
Miscellaneous
 R - a condenser vane
 T - a phial of floods


   Skills:
 - Level 8.0 Fighting
 - Level 3.7 Polearms
 - Level 8.0 Dodging
 + Level 3.7 Shields
 - Level 8.0 Spellcasting
 - Level 8.0 Conjurations
 - Level 14.3 Fire Magic
 - Level 15.0 Air Magic
 - Level 8.0 Evocations


You had 10 spell levels left.
You knew the following spells:

 Your Spells              Type           Power      Damage    Failure   Level
a - Flame Wave            Conj/Fire      82%        2d18      1%          4
b - Volatile Blastmotes   Fire/Tloc      100%       2d18      2%          3
c - Plasma Beam           Fire/Air       47%        2x1d67    6%          6
d - Airstrike             Air            37%        2d(6-22)  1%          4
z - Scorch                Fire           100%       2d9       1%          2

Your spell library contained the following spells:

 Spells                   Type           Power      Damage    Failure   Level
 Static Discharge         Conj/Air       100%       2-7/arc   1%          2
 Sticky Flame             Conj/Fire      82%        2d9       1%          4
 Inner Flame              Hex/Fire       65%        N/A       2%          3
 Kiss of Death            Conj/Necr      100%       2d13      3%          1
 Summon Lightning Spire   Summ/Air       50%        N/A       7%          4
 Silence                  Hex/Air        25%        N/A       19%         5
 Ensorcelled Hibernation  Hex/Ice        20%        N/A       22%         2
 Lesser Beckoning         Tloc           20%        N/A       22%         2
 Sublimation of Blood     Necr           10%        N/A       22%         2
 Wereblood                Tmut           10%        N/A       22%         2
 Confusing Touch          Hex            10%        N/A       41%         3
 Gell's Gravitas          Tloc           10%        N/A       41%         3
 Portal Projectile        Hex/Tloc       20%        N/A       41%         3
 Spider Form              Tmut/Pois      10%        N/A       41%         3
 Teleport Other           Tloc           10%        N/A       41%         3
 Tukima's Dance           Hex            10%        N/A       41%         3
 Irradiate                Conj/Tmut      16%        3d17      63%         5
 Anguish                  Hex/Necr       5%         N/A       83%         4
 Dispel Undead            Necr           10%        3d9       83%         4
 Passage of Golubria      Tloc           10%        N/A       83%         4
 Petrify                  Tmut/Erth      10%        N/A       83%         4
 Alistair's Intoxication  Tmut/Pois      6%         N/A       99%         5
 Blade Hands              Tmut           5%         N/A       99%         5
 Borgnjor's Vile Clutch   Necr/Erth      5%         N/A       99%         5
 Eringya's Noxious Bog    Tmut/Pois      5%         N/A       100%        6
 Summon Hydra             Summ           5%         N/A       100%        7
 Lehudib's Crystal Spear  Conj/Erth      16%        10d5      100%        8


Dungeon Overview and Level Annotations

Branches:
Dungeon (14/15)            Temple (0/1) D:4            Lair (5/5) D:10
 Shoals (0/4) Lair:2        Snake (0/4) Lair:2        Slime (0/5) Lair:4
    Orc (2/2) D:12            Elf (0/3) Orc:2        Bailey (visited)
  IceCv (visited)
 Vaults: D:13-14

Altars:
Ru
Wu Jian
Jiyva
Lugonu

Shops:
D:4 *   D:10 =

Portals:
Abyss: Lair:5
Trove: D:10 (give +3 storm dragon scales)

Annotations:
Orc:1 Erolcha


Innate Abilities, Weirdness & Mutations

You can breathe wild blasts of lightning.
Your glossy black scales are hard. (AC +8)
You cannot fit into any form of body armour.
Your large and strong wings let you fly.
You are resistant to electric shocks. (rElec)
You are cold-blooded and may be slowed by cold attacks.


Message History

You kill the orc knight!
The flame wave engulfs the orc knight!
The orc knight is heavily wounded.
The flame wave engulfs the orc warrior!!
The orc warrior is almost dead.
The flame wave engulfs the orc warrior.
You kill the orc warrior!
An orc comes into view. It is wielding a +0 short sword.
Erolcha the Cunning comes into view.
She is wielding a +0 giant club and wearing a +0 robe of positive energy.
The orc knight misses you. You block the orc knight's attack.
The orc knight misses you.
Unknown command.
A wave of flame ripples out!
The flame wave engulfs the orc knight!
The orc knight is heavily wounded.
The flame wave engulfs the orc warrior!
You kill the orc warrior!
The flame wave engulfs the orc knight!
The orc knight is almost dead.
The flame wave engulfs the orc knight.
The orc knight is heavily wounded.
The flame wave engulfs the orc!
You kill the orc!
The flame wave engulfs the orc!
You kill the orc!
The flame wave engulfs Erolcha!!
Erolcha is moderately wounded.
The flame wave engulfs the orc warrior!
The orc warrior is moderately wounded.
You finish channelling waves of flame.
You hear a shout! x2
An orc warrior comes into view. It is wielding a +0 dire flail.
The orc knight hits you with a +0 war axe!!
The orc knight hits you from afar with a +2 glaive!!
The orc knight closely misses you.
Unknown command.
The orc warrior closely misses you.
The orc knight hits you with a +0 war axe!!
* * * LOW HITPOINT WARNING * * *
The orc knight hits you from afar with a +2 glaive!!
You die...

... #
#..##
#.#....##
.o....#
.o....
#oOo##
#.))##
#o@..#
#..o###
#...#
oo.#.#
....###
##..# ##.
##


You could see 3 orc knights, Erolcha, 2 orc warriors, an orc priest and 2 orcs.

Vanquished Creatures
  An orc warlord (Orc:1)
  Josephine (D:11)
  The ghost of Ariptu the Basher, a journeyman MiFi of Okawaru (D:11)
  A hydra (Lair:4)
  3 two-headed ogres
  A boulder beetle (Lair:5)
  10 death yaks
  Urug (D:12)
  An orc high priest (Orc:2)
  3 thrashing horrors (Lair:5)
  The ghost of GonguanaGonguana the Thaumaturge, a novice MeEE (D:7)
  2 wolf spider zombies (D:11)
  2 orc knights
  3 orc sorcerers (Orc:2)
  2 ugly things (Lair:5)
  2 cyclopes
  4 manticores
  A merfolk siren (Lair:2)
  2 spectral centaurs (D:11)
  2 smoke demons (Lair:5)
  An ice statue (IceCv)
  3 black mambas
  A torpor snail (Lair:2)
  A large abomination (Lair:5)
  10 cane toads
  A rime drake (Lair:5)
  An ice devil (IceCv)
  8 komodo dragons
  A red devil (Lair:5)
  An ancient zyme (Lair:5)
  A burning bush (Lair:3)
  3 anaconda simulacra (IceCv)
  3 trolls
  22 blink frogs
  12 dream sheep
  A dire elephant simulacrum (IceCv)
  6 slime creatures
  A centaur simulacrum (D:11)
  3 vampires
  2 shadows
  3 spriggans (Bailey)
  26 yaks
  A ynoxinul (Lair:5)
  A wyvern (Lair:3)
  5 wraiths
  A fire elemental (Lair:4)
  5 basilisks
  2 chaos spawn (Lair:5)
  4 steam dragons
  3 vampire mosquitoes (D:12)
  Grum (D:8)
  A death yak simulacrum (IceCv)
  A warg (Orc:2)
  4 acid dragons
  3 nagas (Lair:2)
  A harpy simulacrum (IceCv)
  10 water moccasins
  A swamp drake (D:12)
  3 black bears
  19 orc warriors
  3 sky beasts
  12 ogres
  31 wolves
  8 centaurs
  A kobold brigand (D:7)
  10 bullfrogs
  A gnoll sergeant (D:7)
  3 scorpions
  4 wights
  4 two-headed ogre simulacra (IceCv)
  2 elephant simulacra (IceCv)
  6 howler monkeys
  3 electric eels
  11 orc priests
  A jelly (D:7)
  2 hounds (D:6)
  Jessica (D:2)
  5 iguanas
  Ijyb (D:4)
  22 orc wizards
  6 hell rats
  11 troll simulacra (IceCv)
  4 polar bear simulacra (IceCv)
  13 small abominations (Lair:5)
  3 spriggan simulacra (IceCv)
  2 wolf simulacra (IceCv)
  9 gnolls
  7 adders
  5 naga simulacra (IceCv)
  7 white imps
  8 ufetubi
  2 worms
  4 dart slugs
  55 orcs
  2 endoplasms
  3 giant cockroaches
  7 hobgoblins
  3 jackals (D:4)
  3 quokkas
  5 ball pythons
  2 bats
  3 frilled lizards
  17 goblins
  8 kobolds
  5 rats
546 creatures vanquished.

Vanquished Creatures (collateral kills)
  A reaper (IceCv)
  3 ogres (Bailey)
4 creatures vanquished.

Vanquished Creatures (others)
  An orc (D:12)
  A bush (Lair:2)
  31 fungi
  41 plants
74 creatures vanquished.

Grand Total: 624 creatures vanquished

Notes
Turn   | Place    | Note
-------+----------+-------------------------------------------
     0 | D:1      | SnakkuSnakku7 the Draconian Cinder Acolyte began the quest
                  | for the Orb.
     0 | D:1      | Reached XP level 1. HP: 19/19 MP: 2/2
   537 | D:2      | Reached XP level 2. HP: 26/26 MP: 3/3
   540 | D:2      | Learned a level 2 spell: Scorch
   714 | D:2      | Noticed Jessica
   718 | D:2      | Killed Jessica
   719 | D:2      | Reached XP level 3. HP: 31/31 MP: 1/4
   765 | D:2      | Identified the +3 dagger "Zuamaolu" {antimagic, *Rage rPois
                  | rN+ Stlth+}
  1526 | D:3      | Reached XP level 4. HP: 38/38 MP: 3/6
  1761 | D:3      | Found a faded altar of an unknown god.
  2441 | D:4      | Noticed a scorpion
  2445 | D:4      | Killed a scorpion
  2446 | D:4      | Reached XP level 5. HP: 45/45 MP: 1/9
  2492 | D:4      | Found Budwul's Fire Supplies.
  2493 | D:4      | Noticed an ogre
  2499 | D:4      | Killed an ogre
  2718 | D:4      | Reached XP level 6. HP: 46/51 MP: 5/12
  2916 | D:4      | Noticed Ijyb
  2936 | D:4      | Killed Ijyb
  2937 | D:4      | Reached skill level 5 in Fire Magic
  3154 | D:4      | Found a staircase to the Ecumenical Temple.
  3409 | D:5      | Entered Level 5 of the Dungeon
  3418 | D:5      | Found a sacrificial altar of Ru.
  3485 | D:5      | Noticed a water moccasin
  3509 | D:5      | Killed a water moccasin
  3510 | D:5      | Your scales start taking on a glossy black colour.
  3510 | D:5      | Reached XP level 7. HP: 15/57 MP: 4/13
  3510 | D:5      | Gained mutation: You are resistant to electric shocks.
                  | (rElec) [Black Draconian growth]
  4100 | D:5      | Reached skill level 1 in Air Magic
  4149 | D:5      | Reached skill level 2 in Air Magic
  4306 | D:5      | Reached skill level 3 in Air Magic
  4372 | D:5      | Reached skill level 4 in Air Magic
  4497 | D:4      | Bought the Disquisition on Causimancy for 300 gold pieces
  4501 | D:4      | Learned a level 3 spell: Volatile Blastmotes
  4508 | D:4      | Learned a level 6 spell: Plasma Beam
  4564 | D:6      | Reached skill level 5 in Air Magic
  4668 | D:6      | Reached XP level 8. HP: 48/63 MP: 5/14
  4710 | D:6      | Learned a level 4 spell: Airstrike
  4766 | D:6      | Reached skill level 6 in Air Magic
  4887 | D:6      | Reached skill level 7 in Air Magic
  5173 | D:7      | Reached skill level 8 in Air Magic
  5313 | D:7      | Reached skill level 9 in Air Magic
  5451 | D:7      | Found a runed translucent door.
  5535 | D:7      | Reached skill level 10 in Air Magic
  5573 | D:7      | Found an ornate altar of the Wu Jian Council.
  5635 | D:7      | Noticed GonguanaGonguana's ghost (novice MeEE)
  5660 | D:7      | Reached XP level 9. HP: 70/70 MP: 6/15
  5968 | D:8      | Found a flagged portal.
  6042 | Bailey   | Entered a bailey
  6100 | Bailey   | Reached skill level 11 in Air Magic
  6107 | Bailey   | Reached skill level 12 in Air Magic
  6150 | Bailey   | Reached skill level 5 in Spellcasting
  6459 | Bailey   | Noticed a two-headed ogre
  6488 | Bailey   | Killed a two-headed ogre
  6489 | Bailey   | Reached XP level 10. HP: 6/77 MP: 7/20
  6756 | Bailey   | Identified the +8 dagger of the Lettuce {elec, Dex+2}
  7049 | D:8      | Noticed Grum
  7364 | D:8      | Killed Grum
  7633 | D:8      | Reached skill level 5 in Fighting
  8190 | D:9      | Noticed a two-headed ogre
  8195 | D:9      | Killed a two-headed ogre
  9024 | D:10     | Entered Level 10 of the Dungeon
  9024 | D:10     | Found Arhieticw's Jewellery Shop.
  9076 | D:10     | Reached skill level 1 in Dodging
  9459 | D:10     | Found a staircase to the Lair.
  9639 | D:10     | Found a portal to a secret trove of treasure.
  9871 | Lair:1   | Entered Level 1 of the Lair of Beasts
  9955 | Lair:1   | Reached XP level 11. HP: 94/94 MP: 14/23
 10111 | D:10     | Reached skill level 5 in Dodging
 12062 | Lair:2   | Reached skill level 13 in Air Magic
 12365 | Lair:2   | Learned a level 4 spell: Flame Wave
 12954 | Lair:2   | Found a staircase to the Shoals.
 13182 | Lair:2   | Found a staircase to the Snake Pit.
 13344 | Lair:3   | Reached XP level 12. HP: 101/101 MP: 6/24
 13895 | Lair:3   | Reached skill level 10 in Fire Magic
 14952 | Lair:4   | Found a viscous altar of Jiyva.
 14953 | Lair:4   | Found a staircase to the Slime Pits.
 15741 | Lair:5   | Entered Level 5 of the Lair of Beasts
 15741 | Lair:5   | Found a frozen archway.
 15845 | IceCv    | Entered an ice cave
 15848 | IceCv    | Reached skill level 1 in Conjurations
 16411 | IceCv    | Reached skill level 1 in Evocations
 16611 | IceCv    | Noticed a reaper
 17059 | IceCv    | Killed a reaper
 17327 | IceCv    | Identified the +8 scale mail of the Turtle {-Tele Harm
                  | rElec Will++}
 17420 | Lair:5   | Noticed a boulder beetle
 17433 | Lair:4   | Reached skill level 5 in Evocations
 17545 | Lair:5   | Killed a boulder beetle
 17546 | Lair:5   | Reached XP level 13. HP: 97/107 MP: 18/25
 17680 | Lair:5   | Identified the +1 falchion of Balance {venom, rN+ Will+}
 18066 | Lair:4   | Reached skill level 14 in Air Magic
 18589 | Lair:5   | Reached skill level 15 in Air Magic
 18771 | Lair:5   | Reached skill level 5 in Conjurations
 19058 | Lair:5   | Found the +5 Lochaber axe {reach-cleave, Poleaxe Drain}
 19058 | Lair:5   | Found a corrupted altar of Lugonu.
 19058 | Lair:5   | Found a one-way gate to the infinite horrors of the Abyss.
 19310 | Lair:5   | Identified the +9 quarterstaff of the Head {antimagic,
                  | rPois rN+ Will- SInv}
 19895 | D:7      | Killed GonguanaGonguana's ghost
 20069 | D:11     | Gained mutation: Your large and strong wings let you fly.
                  | [Black Draconian growth]
 20069 | D:11     | Reached XP level 14. HP: 115/115 MP: 19/26
 20326 | D:11     | Found a runed translucent gate.
 20326 | D:11     | Found a runed translucent gate.
 20326 | D:11     | Found a runed translucent gate.
 20327 | D:11     | Noticed Ariptu's ghost (journeyman MiFi)
 20339 | D:11     | Killed Ariptu's ghost
 20760 | D:12     | Noticed Josephine
 20760 | D:12     | Noticed Urug
 20767 | D:11     | Killed Josephine
 20913 | D:12     | Killed Urug
 21157 | D:12     | You are sucked into a shaft and drop 2 floors!
 21883 | D:12     | Found a staircase to the Orcish Mines.
 22053 | Orc:1    | Entered Level 1 of the Orcish Mines
 22146 | Orc:2    | Entered Level 2 of the Orcish Mines
 22146 | Orc:2    | Found a staircase to the Elven Halls.
 22257 | Orc:2    | Noticed an orc warlord
 22350 | Orc:1    | Killed an orc warlord
 22555 | Orc:2    | Reached skill level 1 in Shields
 22997 | Orc:1    | Noticed Erolcha
 22999 | Orc:1    | Mangled by an orc knight

Illustrated notes

Levels and vault maps discovered:
D:1:      amcnicky_arrival_blooded_trapdoor, layout_basic
D:2:      layout_loops_corners, uniq_jessica
D:3:      layout_basic, chequers_ecumenical_altar_simple_redux
D:4:      kennysheep_goblin_castle, layout_rooms,
          minmay_temple_entry_drinking_statues, nicolae_shop_fire_sale
          [nicolae_sub_dead_trees], minmay_hedge_maze,
          wad_floor_pattern_untrapped, minivault_26, minmay_misc_feat_doors,
          grunt_decor_clamped
D:5:      layout_loops_ring, nicolae_overflow_crystal_walls
D:6:      layout_rooms
D:7:      layout_rooms, lemuel_round_altar, ebering_ghost_reflecting_pool
D:8:      layout_basic, enter_bailey_6, hangedman_decor_opposing, uniq_grum
D:9:      layout_rooms
D:10:     layout_loops_cross, grunt_lair_entry_orc_guard_hut, enter_trove_0,
          minivault_25_ag, minmay_shop_enchanted_jewellery
D:11:     layout_cross, gammafunk_ghost_necromancy, minmay_starry_boxes
D:12:     layout_loops_ring, erik_orc_1, chequers_jeans, uniq_josephine,
          uniq_urug
D:13:     minmay_chambers_of_sevens, layout_cave_pools, serial_shops,
          nicolae_shop_behind_doors, serial_demonic, serial_demonic_f,
          serial_demonic_b, serial_demonic_d, serial_demonic_d, special_room
          [special_room_bee], kiku_gazebo_pond_becter
D:14:     layout_irregular_city, grunt_vaults_entry_tiered, fedhas_altar_2
Lair:1:   layout_cave_pods, serial_bayou_shore_a, lemuel_fruit_fields
Lair:2:   layout_chaotic_city, elwin_shoals_entry_rooms,
          nicolae_snake_entry_squirm, chequers_serial_rivers_room_a
Lair:3:   layout_cave_pods, evilmike_ambush [evilmike_ambush_outer_corners,
          evilmike_ambush_inner_basic]
Lair:4:   layout_gridlike, slime_entry_1
Lair:5:   hellmonk_lair_end_abyssal_woods, layout_misc_corridors,
          portal_ice_cave_entry_pillars_1
Orc:1:    layout_diamond_mine, basic_altar, special_room [special_room_orc],
          uniq_erolcha
Orc:2:    grunt_orc_cross, layout_caves, basic_altar

Skill      XL: |  1  2  3  4  5  6  7  8  9 10 11 12 13 14 |
---------------+-------------------------------------------+-----
Fire Magic     | 4 6 7 8 12 14 | 14.3
Spellcasting   | 3 4 7 8 |  8.0
Air Magic      | 5 10 12 13 15 | 15.0
Fighting       | 8 |  8.0
Dodging        | 4 8 |  8.0
Conjurations   | 3 7 8 |  8.0
Evocations     | 5 8 |  8.0
Shields        | 3 |  3.7
Polearms       | |  3.7

Action                     |  1- 3 |  4- 6 |  7- 9 | 10-12 | 13-15 || total
---------------------------+-------+-------+-------+-------+-------++-------
  Melee: Spear             |    36 |       |       |       |       ||    36
         Tailslap          |     8 |     4 |    25 |    17 |    24 ||    78
         Staff             |    30 |    37 |   127 |   151 |   189 ||   534
         Punch             |     1 |       |       |     3 |     4 ||     8
         Unarmed           |       |     2 |       |       |       ||     2
  Throw: Throwing net      |       |       |       |     1 |       ||     1
   Cast: Scorch            |    12 |    58 |    66 |   270 |     2 ||   408
         Volatile Blastmot |       |       |     1 |     2 |       ||     3
         Airstrike         |       |       |    29 |    86 |       ||   115
         Flame Wave        |       |       |       |    30 |    44 ||    74
         Plasma Beam       |       |       |       |     8 |    52 ||    60
Ability: Breathe Lightning |       |       |     4 |     6 |     1 ||    11
  Evoke: Wand              |       |     2 |     9 |     5 |     3 ||    19
    Use: Scroll            |       |     8 |     4 |    16 |     4 ||    32
         Potion            |       |     1 |     2 |     5 |     1 ||     9
   Stab: Paralysed         |       |       |       |       |    11 ||    11
 Armour: Skin              |    14 |    23 |    66 |   146 |   140 ||   389
  Dodge: Dodged            |    30 |    34 |    90 |   386 |   349 ||   889
  Block: Kite shield       |       |       |       |       |    20 ||    20
